 Dungeon Crawl Stone Soup version 0.22.1-1-ga44c0e5 (webtiles) character file.

20 Irenicus the Chopper (level 2, 0/27 HPs)
             Began as a Deep Dwarf Monk on Oct 9, 2018.
             Slain by Terence
             ... wielding a +1 trident of flaming
              (6 damage)
             ... on level 2 of the Dungeon.
             The game lasted 00:02:58 (508 turns).

Irenicus the Chopper (Deep Dwarf Monk)               Turns: 508, Time: 00:02:59

Health: 0/27       AC:  3    Str: 14    XL:     2   Next: 58%
Magic:  1/1        EV: 13    Int: 10    God:
Gold:   17         SH:  0    Dex: 15    Spells: 1/1 levels left

rFire    . . .     SeeInvis .   a - +0 hand axe
rCold    . . .     Gourm    .   (no shield)
rNeg     . . .     Faith    .   b - +0 robe
rPois    .         Spirit   .   (no helmet)
rElec    .         Reflect  .   (no cloak)
rCorr    .         Harm     .   (no gloves)
MR       .....                  m - +0 pair of boots
Stlth    ++........             (no amulet)
HPRegen  0.00/turn              (no ring)
MPRegen  0.07/turn              (no ring)

@: non-regenerating
A: damage resistance, heal wounds, sense surroundings 1, no regeneration
a: Heal Wounds


You were on level 2 of the Dungeon.
You were not hungry.

You visited 1 branch of the dungeon, and saw 2 of its levels.

You collected 17 gold pieces.

Inventory:

Hand Weapons
 a - a +0 hand axe (weapon)
Missiles
 g - 44 stones (quivered)
Armour
 b - a +0 robe (worn)
 m - a +0 pair of boots (worn)
   (You found it on level 2 of the Dungeon)
Jewellery
 e - an uncursed amulet of harm {unknown}
   (You found it on level 1 of the Dungeon)
Scrolls
 d - 2 scrolls of teleportation {unknown}
 f - a scroll of enchant armour {unknown}
 j - a scroll of remove curse {unknown}
Potions
 h - a potion of mutation {unknown}
 i - 2 potions of flight {unknown}
 k - a potion of haste {unknown}
Comestibles
 c - 2 rations


   Skills:
 - Level 2.6 Fighting
 + Level 4.4 Axes
 - Level 3.2 Dodging
 - Level 2.4 Stealth


You had one spell level left.
You didn't know any spells.
Your spell library was empty.

Dungeon Overview and Level Annotations

Branches:
Dungeon (2/15)

Altars:

Annotations:
D:2 Terence


Innate Abilities, Weirdness & Mutations

You are resistant to damage.
You can heal yourself by infusing magical energy.
You passively map a small area around you.
You do not regenerate.


Message History

The bat closely misses you.
Throwing (i - inventory)
g - 49 stones (quivered)
Aim: a bat You throw a stone.
The stone barely misses the bat.
The bat barely misses you.
You hit the bat. The bat closely misses you.
The bat hits you but does no damage.
You miss the bat. The bat closely misses you. x2
The bat completely misses you.
You hit the bat.
You kill the bat!
Wear which item? (? for menu, Esc to quit)
You start putting on your armour.
You continue putting on your pair of boots. x4
You finish putting on your +0 pair of boots.
Found a stone staircase leading up.
Found a stone staircase leading down.
Terence the Incautious comes into view.
He is wielding a trident of flaming.
Throwing (i - inventory)
g - 48 stones (quivered)
Aim: Terence, wielding a trident of flaming and wearing a scale mail (resting)
You throw a stone.
The stone hits Terence but does no damage.
Terence shouts!
Throwing (i - inventory)
g - 47 stones (quivered)
Aim: Terence, wielding a trident of flaming and wearing a scale mail You throw a stone.
The stone hits Terence but does no damage.
Throwing (i - inventory)
g - 46 stones (quivered)
Aim: Terence, wielding a trident of flaming and wearing a scale mail You throw a stone.
The stone hits Terence but does no damage.
Throwing (i - inventory)
g - 45 stones (quivered)
Aim: Terence, wielding a trident of flaming and wearing a scale mail You throw a stone.
The stone closely misses Terence.
It was a potion of curing.
You feel better. Terence misses you.
You regained 9 hp, and now have 18/27 hp.
You hit Terence. Terence hits you but does no damage.
You hit Terence.
Terence hits you with a trident of flaming.
Terence burns you.
You take 6 damage, and have 12/27 hp.
MASSIVE DAMAGE!!
There isn't anything here!
You barely miss Terence. Terence barely misses you.
You hit Terence but do no damage.
Terence hits you with a trident of flaming.
Terence burns you.
You take 1 damage, and have 11/27 hp.
Here: Terence, wielding a trident of flaming and wearing a scale mail The floor.
Unknown command.
You hit Terence.
Terence hits you with a trident of flaming!
* * * LOW HITPOINT WARNING * * *
Terence burns you.
* * * LOW HITPOINT WARNING * * *
You take 8 damage, and have 3/27 hp.
MASSIVE DAMAGE!!
Your magical essence is drained by the effort!
You feel much better.
Terence hits you with a trident of flaming.
Terence burns you.
You regained 23 hp, and now have 26/27 hp.
You now have 1/1 mp.
You hit Terence but do no damage. Terence hits you but does no damage.
You closely miss Terence.
Terence hits you with a trident of flaming!
Terence burns you.
You take 8 damage, and have 18/27 hp.
MASSIVE DAMAGE!!
You hit Terence.
Terence hits you with a trident of flaming.
Terence burns you.
You take 2 damage, and have 16/27 hp.
You barely miss Terence. Terence completely misses you.
You hit Terence. Terence looks scornfully at you.
Terence hits you with a trident of flaming!
* * * LOW HITPOINT WARNING * * *
Terence burns you.
You take 8 damage, and have 8/27 hp.
MASSIVE DAMAGE!!
You hit Terence but do no damage. Terence closely misses you.
You closely miss Terence.
Terence hits you with a trident of flaming.
Terence burns you.
You closely miss Terence. Terence barely misses you.
You hit Terence.
Terence hits you with a trident of flaming.
* * * LOW HITPOINT WARNING * * *
Terence burns you.
You take 1 damage, and have 7/27 hp.
You hit Terence but do no damage. Terence misses you.
You barely miss Terence.
Terence hits you with a trident of flaming.
* * * LOW HITPOINT WARNING * * *
Terence burns you.
You take 1 damage, and have 6/27 hp.
You barely miss Terence. Terence closely misses you.
You closely miss Terence. Terence closely misses you.
You hit Terence but do no damage. Terence barely misses you.
You hit Terence. Terence closely misses you.
You hit Terence but do no damage.
Terence hits you with a trident of flaming!
You die...

....#.#.......# * ,
....#(.†.....##,
....#.####...#,, * # ,
.............# , ,..
<...........# , ,#.#
,.....##.....# .... ,
...........># , .....
..........#####...((.
,
,..<..........@@....(.
,
.#............>...##.
, ...#######.######.#
, .#. #.# * # , # #.#
* , * #.# ### , , ,
##.#####.# ,
##.......## , , , * *
#########..# , ,


You could see Terence.

Vanquished Creatures
  An ooze (D:1)
  A giant cockroach (D:2)
  4 goblins
  4 hobgoblins
  2 bats
  2 frilled lizards
14 creatures vanquished.

Notes
Turn   | Place    | Note
-------+----------+-------------------------------------------
     0 | D:1      | Irenicus the Deep Dwarf Monk began the quest for the Orb.
     0 | D:1      | Reached XP level 1. HP: 20/20 MP: 1/1
   165 | D:1      | Reached XP level 2. HP: 17/27 MP: 2/2
   178 | D:1      | Reached skill level 4 in Axes
   478 | D:2      | Noticed Terence
   491 | D:2      | HP: 5/27 [Terence/trident of flaming (6)]
   503 | D:2      | HP: 6/27 [Terence/trident of flaming (1)]
   508 | D:2      | Slain by Terence

Skill      XL: |  1  2 |
---------------+-------+-----
Axes           | 4 |  4.4
Fighting       | |  2.6
Dodging        | |  3.2
Stealth        | |  2.4

Action                   || total
-------------------------++-------
Melee: Hand axe          ||    64
Throw: Stone             ||    27
 Abil: Heal Wounds       ||     1
  Use: Potion            ||     1
 Stab: Sleeping          ||     1
Armor: Robe              ||     9
Dodge: Dodged            ||    34

Vault maps used:
D:1:      co_arrival_square_in_a_square_in_a_square
D:2:      nicolae_overflow_hidden_temple, serial_co_window_serial,
          co_window_of_opportunity_a, co_window_paths_a,
          co_window_of_opportunity_a, co_window_corner_a, co_window_corner_a,
          co_window_of_opportunity_a, co_window_cross_1,
          co_window_unsneaky_path_b, co_window_of_opportunity_b,
          co_window_2corner, co_window_paths_d, glass_columns_b,
          glass_columns_b, kennysheep_pointless_box, trog_book, uniq_terence

Table legend:
 A = Turns spent in this place as a percentage of turns spent in the entire game.
 B = Non-inter-level travel turns spent in this place as a percentage of non-inter-level travel turns spent in the entire game.
 C = Inter-level travel turns spent in this place as a percentage of turns spent in this place.
 D = Turns resting spent in this place as a percentage of non-inter-level travel turns spent in this place.
 E = Turns spent auto-exploring this place as a percentage of non-inter-level travel turns spent in this place.
 F = Non-inter-level travel turns spent in this place divided by the number of levels of this place that you've seen.
                   A       B       C       D       E      F
               +-------+-------+-------+-------+-------+----------------------
         Total | 100.0 | 100.0 |   0.0 |   0.0 |   0.0 | 254.0
       Dungeon | 100.0 | 100.0 |   0.0 |   0.0 |   0.0 | 254.0
               +-------+-------+-------+-------+-------+----------------------

Table legend:
 A = Kills in this place as a percentage of kills in entire the game.
 B = Kills by you in this place as a percentage of kills by you in the entire game.
 C = Kills by friends in this place as a percentage of kills by friends in the entire game.
 D = Other kills in this place as a percentage of other kills in the entire game.
 E = Experience gained in this place as a percentage of experience gained in the entire game.
 F = Experience gained in this place divided by the number of levels of this place that you have seen.
                   A       B       C       D       E      F
               +-------+-------+-------+-------+-------+----------------------
         Total | 100.0 | 100.0 |   N/A |   N/A | 100.0 |  14.5
       Dungeon | 100.0 | 100.0 |   N/A |   N/A | 100.0 |  14.5
               +-------+-------+-------+-------+-------+----------------------
